 Dungeon Crawl Stone Soup version 0.19.0-9-gfd783f2 (webtiles) character file.

371 mistymad the Insei (level 6, -2/51 HPs)
             Began as a Naga Transmuter on Nov 7, 2016.
             Slain by an orc
             ... wielding a +0 war axe
              (9 damage)
             ... on level 4 of the Dungeon.
             The game lasted 00:11:08 (4833 turns).

mistymad the Insei (Naga Transmuter)                Turns: 4833, Time: 00:11:09

Health: -2/51      AC:  4    Str: 12    XL:     6   Next: 71%
Magic:  9/11       EV: 10    Int: 15    God:
Gold:   255        SH:  0    Dex: 19    Spells: 3 memorised, 2 levels left

rFire  . . .     SeeInvis +       - Unarmed
rCold  . . .     Gourm    .     b - +0 robe
rNeg   . . .     Faith    .     (no shield)
rPois  +         Spirit   .     (no helmet)
rElec  .         Reflect  .     (no cloak)
rCorr  .         Harm     .     y - +0 pair of gloves
MR     .....                    (no barding)
Stlth  ++........               (no amulet)
                                u - +4 ring of dexterity
                                t - +3 ring of dexterity

@: short of breath, very slightly contaminated, very slow
A: see invisible, deformed body, poison resistance, slowness 2, slow metabolism
1, spit poison 1, AC +2
a: Spit Poison


You were on level 4 of the Dungeon.
You were not hungry.

You visited 1 branch of the dungeon, and saw 4 of its levels.

You collected 255 gold pieces.

Inventory:

Missiles
 a - 79 arrows
Armour
 b - a +0 robe (worn)
 y - a +0 pair of gloves (worn)
Jewellery
 t - a +3 ring of dexterity (left hand)
 u - a +4 ring of dexterity (right hand)
 z - an uncursed amulet of faith
Wands
 s - a wand of confusion (36/48)
Scrolls
 e - 4 scrolls of remove curse
 h - a scroll of teleportation {unknown}
 j - 2 scrolls of identify {unknown}
 l - a scroll of fear {unknown}
 p - a scroll of random uselessness {unknown}
 q - 2 scrolls of immolation {unknown}
Potions
 f - a potion of might {unknown}
 m - a potion of haste {unknown}
 o - a potion of degeneration {unknown}
 r - a potion of cancellation {unknown}
 v - a potion of heal wounds {unknown}
 w - a potion of curing {unknown}
 x - a potion of lignification {unknown}
Books
 c - a book of Changes

   Spells                             Type                      Level
   a - Beastly Appendage              Transmutation                1
   b - Sticks to Snakes               Transmutation                2
   c - Spider Form                    Transmutation/Poison         3
   d - Ice Form                       Ice/Transmutation            4
   e - Blade Hands                    Transmutation                5
Comestibles
 d - 3 bread rations
 g - 2 chunks of flesh
 i - a beef jerky
 k - 2 meat rations


   Skills:
 - Level 1.0 Fighting
 - Level 1.5 Dodging
 + Level 4.8 Unarmed Combat
 + Level 3.8 Spellcasting
 + Level 4.4 Transmutations


You had 2 spell levels left.
You knew the following spells:

 Your Spells              Type           Power        Failure   Level  Hunger
a - Spider Form           Tmut/Pois      #.........   24%         3    ###....
b - Sticks to Snakes      Tmut           ###.....     6%          2    ##.....
c - Blade Hands           Tmut           ###.......   87%         5    ######.


Dungeon Overview and Level Annotations

Branches:
Dungeon (4/15)
 Temple: D:4-7

Altars:
Dithmenos
Trog
Zin


Innate Abilities, Weirdness & Mutations

You cannot wear boots.
Your serpentine skin is tough. (AC +2)
You have supernaturally acute eyesight. (SInv)
Armour fits poorly on your strangely shaped body.
Your system is resistant to poisons. (rPois)
You cover ground very slowly.
You have a slow metabolism.
You can spit poison.


Message History

You completely miss the orc.
The orc is severely wounded.
The orc hits you with a war axe of chopping.
The orc misses you.
You take 8 damage, and have 17/51 hp.
You hit the orc but do no damage.
The orc is severely wounded.
The orc hits you with a war axe of chopping!
* * * LOW HITPOINT WARNING * * *
x2 You take 9 damage, and have 8/51 hp.
You are too injured to fight recklessly!
The orc hits you with a war axe.
* * * LOW HITPOINT WARNING * * *
You take 2 damage, and have 6/51 hp.
Press: ? - help, Shift-Dir - straight line, f - orc
Aim: an orc, wielding a war axe of chopping and wearing a glowing ring mail (severely wounded)
The splash of poison hits the orc.
You kill the orc!
You feel slightly more hungry. The orc hits you with a war axe!
You die...

####.............#
#........ ######.......##
##........ #######.##
#.........
#..####........#
##.)##........#.
############..##.....##..
.........###...#....##..#
............#..######..##
......)o@..###........###
#......).####..####...# #
##......## #..## ##..###
##....## #..# ##..#.
##### #..# #..#. #..#
#..#. ..# #####... .#
####...#... #..........


You could see an orc.

Vanquished Creatures
  A phantom (D:4)
  A hound (D:4)
  A centaur skeleton (D:4)
  2 worker ants (D:4)
  5 adders
  3 worms
  A dart slug (D:2)
  2 leopard geckos
  16 orcs
  A ball python (D:2)
  5 giant cockroaches
  12 hobgoblins
  5 jackals
  12 kobolds
  2 quokkas
  8 bats
  9 frilled lizards
  10 goblins
  A jackal skeleton (D:4)
  7 rats
104 creatures vanquished.

Notes
Turn   | Place    | Note
-------+----------+-------------------------------------------
     0 | D:1      | mistymad the Naga Transmuter began the quest for the Orb.
     0 | D:1      | Reached XP level 1. HP: 18/18 MP: 3/3
   333 | D:1      | Reached XP level 2. HP: 20/25 MP: 3/5
   407 | D:1      | HP: 1/25 [hobgoblin (1)]
   705 | D:1      | Learned a level 2 spell: Sticks to Snakes
   928 | D:1      | Reached XP level 3. HP: 20/31 MP: 4/6
  2047 | D:2      | Found a glowing silver altar of Zin.
  2154 | D:2      | Learned a level 3 spell: Spider Form
  2213 | D:2      | Reached XP level 4. HP: 35/38 MP: 7/7
  3032 | D:3      | Found a bloodstained altar of Trog.
  3037 | D:3      | Found a shadowy altar of Dithmenos.
  3176 | D:4      | Reached XP level 5. HP: 22/44 MP: 7/9
  4012 | D:3      | Learned a level 5 spell: Blade Hands
  4255 | D:4      | Reached XP level 6. HP: 45/51 MP: 7/11
  4447 | D:4      | Noticed a phantom
  4511 | D:4      | Killed a phantom
  4833 | D:4      | Slain by an orc

Skill      XL: |  1  2  3  4  5 |
---------------+----------------+-----
Transmutations | 3 4 |  4.4
Unarmed Combat | 4 |  4.8
Spellcasting   | 3 |  3.8
Fighting       | |  1.0
Dodging        | |  1.5

Action                   |  1- 3 |  4- 6 || total
-------------------------+-------+-------++-------
Melee: Unarmed           |   122 |   201 ||   323
       Headbutt          |    12 |     8 ||    20
       Punch             |       |     2 ||     2
 Cast: Beastly Appendage |    25 |    12 ||    37
       Spider Form       |       |    14 ||    14
 Abil: Spit Poison       |    13 |    19 ||    32
  Use: Scroll            |       |     2 ||     2
 Stab: Sleeping          |     1 |     3 ||     4
  Eat: Chunk             |     4 |    10 ||    14
Armor: Robe              |    21 |    26 ||    47
       Skin              |       |     6 ||     6
Dodge: Dodged            |    73 |   146 ||   219
